 Dungeon Crawl Stone Soup version 0.30-b1-2-g02819fbbbe (webtiles) character file.

Game seed: 7234876930707207075

293 Alarkh the Insei (level 6, 44/44 HPs)
             Began as a Demonspawn Warper on May 25, 2023.
             Got out of the dungeon alive.
             The game lasted 00:04:59 (2845 turns).

Alarkh the Insei (Demonspawn Warper)                Turns: 2845, Time: 00:05:00

Health: 44/44      AC:  6    Str: 12    XL:     6   Next: 11%
Magic:  9/9        EV: 11    Int: 16    God:
Gold:   144        SH:  0    Dex: 12    Spells: 9/9 levels left

rFire   . .          .
                       - Unarmed
rCold   . . .        (no shield)
rNeg    . . .        a - +1 leather armour
rPois   .            (no helmet)
rElec   .            (no cloak)
rCorr   .            (no gloves)
SInv    .            (no boots)
Will    .....        f - amulet of magic regeneration
Stlth   +            (no ring)
HPRegen 0.27/turn    (no ring)
MPRegen 0.51/turn

%: no passive effects
@: no status effects
A: foul stench 1, sharp scales 2, demonic magic 1
a: no special abilities


You escaped.
You visited 1 branch of the dungeon, and saw 3 of its levels.

You collected 144 gold pieces.

Inventory:

Missiles
 c - 7 boomerangs of dispersal (quivered)
Armour
 a - a +1 leather armour (worn)
 i - a +0 pair of gloves
Jewellery
 f - an amulet of magic regeneration (around neck)
Scrolls
 b - a scroll of brand weapon
 d - 2 scrolls of vulnerability
 e - 3 scrolls of enchant armour
 g - a scroll of teleportation
 h - a scroll of blinking
 j - a scroll of enchant weapon {unknown}
 k - a scroll of amnesia {unknown}
 l - a scroll of acquirement {unknown}
 n - a scroll of butterflies {unknown}
 r - a scroll of identify
Potions
 m - a potion of curing
 o - a potion of ambrosia


   Skills:
 - Level 2.0 Fighting
 - Level 0.8 Throwing
 - Level 0.8 Armour
 - Level 1.7 Dodging
 + Level 5.9 Unarmed Combat
 - Level 2.0 Spellcasting
 - Level 2.6 Translocations


You had 9 spell levels left.
You didn't know any spells.
Your spell library contained the following spells:

 Spells                   Type           Power      Damage    Failure   Level
 Blink                    Tloc           20%        N/A       13%         2
 Lesser Beckoning         Tloc           20%        N/A       13%         2
 Gell's Gravitas          Tloc           10%        N/A       26%         3
 Teleport Other           Tloc           10%        N/A       26%         3
 Vhi's Electric Charge    Tloc/Air       10%        N/A       41%         3
 Hailstorm                Conj/Ice       1%         3d3       61%         3
 Manifold Assault         Tloc           10%        N/A       65%         4
 Ice Form                 Ice/Tmut       1%         N/A       95%         4
 Dispersal                Tloc           5%         N/A       100%        6
 Simulacrum               Ice/Necr       0%         N/A       100%        6


Dungeon Overview and Level Annotations

Branches:
Dungeon (3/15)

Altars:
Cheibriados
Dithmenos
Fedhas
Kikubaaqudgha
Qazlal
Ru
Trog
Wu Jian
Xom


Innate Abilities, Weirdness & Mutations

You may rarely emit foul miasma when damaged in melee.
You are mostly covered in razor-sharp scales. (AC +2, Slay +2)
Spells you cast may paralyse adjacent enemies.


Message History

Terence is moderately wounded.
Terence hits you with a +0 mace.
You punch Terence!
Terence is severely wounded.
Terence misses you.
You hit Terence but do no damage.
Terence is severely wounded.
You completely miss Terence.
Terence is severely wounded.
Terence barely misses you.
You closely miss Terence.
Terence is severely wounded.
Terence hits you but does no damage.
You hit Terence but do no damage.
Terence is severely wounded.
Terence hits you with a +0 mace.
You barely miss Terence.
Terence is severely wounded.
Terence barely misses you.
You hit Terence.
Terence is almost dead.
Terence closely misses you.
You hit Terence.
You kill Terence!
No target in view!
No target in view!
No target in view!
No target in view!
No target in view!
No target in view!
No target in view!
Things that are here:
a +0 mace; a +0 scale mail; the human corpse of Terence
(D) Dungeon
Where to? (Enter - D:1 @ (x,y), ? - help) HP restored.
There is an open door here.
There is a staircase leading out of the dungeon here.
Are you sure you want to leave the Dungeon?
This will make you lose the game!
You have escaped!

#.#...#####.####.# #.##.#
#.##.## #..# #.# #.##.#####
#.##.#######.#######.#.......
#.##.##~~~~#'#~☼~~##.#..###..
#.##.#~~~~~#.#~~~~~#.#..###.#
#.####~○#~~#.#~~#○~#.#.)#....
#.#..#~~~~~#.#~~~~~#....#....
#.#.##~~~○~#.#~~○☼~#........>
#.#.##~~○~~#@#~~~~~#.........
#....#~~~~~#.#~~~~~####.#....
#.)#.#~~#~~#.#~~#~~# #.#####
##...#~~~~~#.#~~~~~####......
##.##~~~~~#.#~~~~~#.########
#.###~~~~#'#~~~~##........#
#.# ######.#######.######.#
#.########.# #.# #.#
#..........# #.# ##.#


There were no monsters in sight!

Vanquished Creatures
  An ogre (D:3)
  An orc priest (D:3)
  Terence (D:1)
  An orc wizard (D:3)
  2 adders
  4 worms
  6 dart slugs
  4 orcs
  4 endoplasms
  4 giant cockroaches
  7 goblins
  6 hobgoblins
  3 jackals (D:1)
  5 kobolds
  7 quokkas
  8 ball pythons
  5 bats
  5 frilled lizards
  7 rats
81 creatures vanquished.

Notes
Turn   | Place    | Note
-------+----------+-------------------------------------------
     0 | D:1      | Alarkh the Demonspawn Warper began the quest for the Orb.
     0 | D:1      | Reached XP level 1. HP: 16/16 MP: 3/3
   130 | D:1      | Reached skill level 2 in Unarmed Combat
   284 | D:1      | Gained mutation: You are partially covered in razor-sharp
                  | scales. (AC +1, Slay +1) [demonic ancestry]
   284 | D:1      | Reached XP level 2. HP: 16/22 MP: 5/5
   467 | D:1      | Found The Oracle's Delphic Readings.
   487 | D:1      | Reached skill level 3 in Unarmed Combat
   549 | D:1      | Reached XP level 3. HP: 12/27 MP: 6/6
  1365 | D:2      | Noticed Terence
  1631 | D:2      | Gained mutation: You are mostly covered in razor-sharp
                  | scales. (AC +2, Slay +2) [demonic ancestry]
  1631 | D:2      | Reached XP level 4. HP: 31/33 MP: 7/7
  1804 | D:2      | Reached skill level 4 in Unarmed Combat
  2166 | D:3      | Found a faded altar of an unknown god.
  2332 | D:3      | Gained mutation: You may rarely emit foul miasma when
                  | damaged in melee. [demonic ancestry]
  2332 | D:3      | Reached XP level 5. HP: 35/38 MP: 8/8
  2498 | D:3      | Found a sacrificial altar of Ru.
  2498 | D:3      | Found a bloodstained altar of Trog.
  2498 | D:3      | Found an ancient bone altar of Kikubaaqudgha.
  2498 | D:3      | Found an ornate altar of the Wu Jian Council.
  2499 | D:3      | Found a shimmering altar of Xom.
  2499 | D:3      | Found a stormy altar of Qazlal.
  2500 | D:3      | Found a snail-covered altar of Cheibriados.
  2500 | D:3      | Found a shadowy altar of Dithmenos.
  2500 | D:3      | Found a blossoming altar of Fedhas.
  2662 | D:3      | Reached skill level 5 in Unarmed Combat
  2729 | D:3      | Noticed an ogre
  2741 | D:3      | Killed an ogre
  2742 | D:3      | Gained mutation: Spells you cast may paralyse adjacent
                  | enemies. [demonic ancestry]
  2742 | D:3      | Reached XP level 6. HP: 44/44 MP: 9/9
  2784 | D:1      | Killed Terence
  2845 | D:$      | Got out of the dungeon alive.

Illustrated notes

Levels and vault maps discovered:
D:1:      saegor_arrival_miasma, layout_loops_ring, nicolae_nh_oracle_at_delphi
D:2:      layout_loops_ring, minmay_puff, uniq_terence
D:3:      layout_basic, lemuel_crystal_altar, nicolae_overflows_in_rows,
          nicolae_ecumenical_snake_handling

Skill      XL: |  1  2  3  4  5 |
---------------+----------------+-----
Unarmed Combat | 2 3 4 5 |  5.9
Fighting       | |  2.0
Throwing       | |  0.8
Armour         | |  0.8
Dodging        | |  1.7
Spellcasting   | |  2.0
Translocations | |  2.6

Action                     |  1- 3 |  4- 6 || total
---------------------------+-------+-------++-------
  Melee: Unarmed           |   207 |   119 ||   326
         Punch             |     3 |     5 ||     8
    Use: Potion            |     1 |     1 ||     2
         Scroll            |     4 |     4 ||     8
   Stab: Sleeping          |     1 |       ||     1
 Armour: Leather armour    |    50 |    36 ||    86
  Dodge: Dodged            |   120 |    62 ||   182
